AoeStats
← PapaHollski

Arena

504931770Analyzed
3v3 RM · 26d ago on Sep 7, 2026· 51m 6s· 6 players
Game mode
Random Map
Map size
Normal (6 player)
Population
200
Speed
Normal
Resources
Standard
Victory
Conquest
Starting age
Dark Age
Ending age
Imperial Age
RankedLock teamsTeams togetherTeam positionsShared explorationLock speedFull tech treeHidden civsTurbo modeCheats
Victory
Defeat
🇨🇴 Portuguese · Colombia
940
+14
🇺🇸 Dravidians · United States
888
+44
🇺🇸 Poles · United States
888
+42
🇺🇸 Bohemians · United States
946
-17
🇺🇸 Chinese · United States
876
-15
🇺🇸 Franks · United States
875
-15
Kazule
5:48 Loom
11:21 Feudal Age
15:43 Castle Age
15:02 Double-Bit Axe
15:01 Horse Collar
21:19 Wheelbarrow
22:48 Heavy Plow
23:01 Bow Saw
24:01 Hand Cart
26:55 Heavy Plow
31:41 Imperial Age
31:24 Chemistry
30:47 Pikeman
31:28 Squires
31:14 Arson
31:34 Scale Mail Armor
31:45 Forging
31:56 Fortified Wall
32:45 Chain Mail Armor
32:20 Halberdier
33:06 Houfnice
34:25 Siege Engineers
35:36 Two-Man Saw
36:18 Plate Mail Armor
38:25 Iron Casting
leifdaniel
0:26 Loom
10:33 Feudal Age
17:04 Castle Age
15:41 Double-Bit Axe
16:22 Horse Collar
25:49 Wheelbarrow
25:19 Heavy Plow
25:57 Crossbowman
26:45 Padded Archer Armor
29:41 Bow Saw
29:22 Fletching
29:30 Gold Mining
30:45 Stone Mining
31:34 Gold Shaft Mining
31:46 Hand Cart
32:20 Ballistics
32:47 Stone Shaft Mining
32:28 Fortified Wall
32:19 Town Watch
33:21 Thumb Ring
32:39 Elite Skirmisher
33:29 Bodkin Arrow
34:28 Leather Archer Armor
39:45 Imperial Age
38:17 Town Patrol
39:02 Great Wall
39:50 Arbalester
40:33 Bracer
40:56 Conscription
41:52 Chemistry
41:33 Pikeman
42:14 Squires
jeffreywhitlock
14:17 Feudal Age
12:35 Loom
18:42 Castle Age
16:46 Double-Bit Axe
20:54 Bow Saw
23:23 Gold Mining
26:20 Gold Shaft Mining
30:00 Forging
31:42 Stone Mining
32:38 Wheelbarrow
32:50 Town Watch
33:41 Scale Barding Armor
39:36 Imperial Age
40:20 Chain Barding Armor
40:35 Iron Casting
41:13 Cavalier
41:57 Husbandry
43:28 Plate Barding Armor
43:54 Blast Furnace
43:19 Paladin
46:58 Conscription
48:49 Hand Cart
PapaHollski
11:31 Feudal Age
15:56 Castle Age
14:04 Horse Collar
15:49 Double-Bit Axe
21:25 Wheelbarrow
23:07 Loom
23:57 Hand Cart
24:29 Bow Saw
25:17 Heavy Plow
25:06 Town Watch
26:37 Stone Mining
26:39 Gold Mining
27:12 Fletching
27:22 Padded Archer Armor
29:41 Bodkin Arrow
30:01 Leather Archer Armor
33:50 Imperial Age
34:05 Ballistics
33:42 Murder Holes
33:51 Elite Elephant Archer
34:37 Thumb Ring
35:42 Chemistry
34:53 Heavy Scorpion
37:17 Bracer
42:38 Siege Elephant
47:03 Ring Archer Armor
ViceRival
10:53 Feudal Age
15:12 Castle Age
13:05 Horse Collar
15:11 Double-Bit Axe
17:05 Bow Saw
19:54 Heavy Plow
21:45 Stone Mining
21:47 Gold Mining
23:49 Wheelbarrow
24:34 Bloodlines
26:08 Husbandry
26:17 Scale Barding Armor
30:26 Imperial Age
29:23 Hand Cart
28:36 Light Cavalry
29:52 Forging
31:02 Winged Hussar
32:07 Chain Barding Armor
33:12 Iron Casting
35:57 Crop Rotation
37:02 Stone Shaft Mining
37:35 Chemistry
Rey Arturo
12:00 Feudal Age
16:10 Castle Age
15:40 Double-Bit Axe
22:23 Loom
24:33 Bloodlines
25:51 Stone Mining
27:14 Husbandry
28:27 Fletching
33:13 Imperial Age
32:30 Wheelbarrow
32:33 Bodkin Arrow
35:18 Conscription
36:21 Chemistry
35:31 Cavalier
36:24 Forging
40:04 Bow Saw
39:53 Light Cavalry
43:30 Iron Casting
43:04 Siege Engineers
46:15 Elite Organ Gun
49:39 Blast Furnace
48:40 Scale Mail Armor
49:34 Circumnavigation
Connection lost

Rejoining the realm…

Still unreachable

The connection could not be restored.

Session expired

The server has moved on; the page needs a fresh start.